 Dungeon Crawl Stone Soup version 0.26-a0-651-gb41185065b (webtiles) character file.

Game seed: 13247603691439706277

896 Arthanis the Chopper (level 8, -7/76 HPs)
             Began as a Gargoyle Berserker on Oct 10, 2020.
             Was an Elder of Trog.
             Mangled by an orc warrior
             ... wielding a +0 short sword
              (10 damage)
             ... on level 6 of the Dungeon.
             The game lasted 00:04:58 (2814 turns).

Arthanis the Chopper (Gargoyle Berserker)           Turns: 2814, Time: 00:04:59

Health: -7/76      AC: 15    Str: 22    XL:     8   Next: 7%
Magic:  8/8        EV:  8    Int:  9    God:    Trog [****..]
Gold:   173        SH:  0    Dex:  9    Spells: 7/7 levels left

rFire    . . .     SeeInvis .   r - +3 battleaxe
rCold    . . .     Faith    .   (shield currently unavailable)
rNeg     + . .     Spirit   .   h - +0 chain mail
rPois    ∞         Reflect  .   (no helmet)
rElec    +         Harm     .   (no cloak)
rCorr    .         Rampage  .   (no gloves)
MR       .....                  (no boots)
Stlth    ..........             g - amulet of regeneration
HPRegen  0.62/turn              (no ring)
MPRegen  0.11/turn              (no ring)

@: berserking, very quick
A: negative energy resistance 1, electricity resistance, unbreathing,
petrification resistance, rot immunity, AC +5
a: Berserk, Trog's Hand, Brothers in Arms, Renounce Religion


You were on level 6 of the Dungeon.
You worshipped Trog.
Trog was greatly pleased with you.
You visited 1 branch of the dungeon, and saw 4 of its levels.
You also visited: Sewer.

You collected 173 gold pieces.

Inventory:

Hand Weapons
 a - a +0 hand axe
 r - a +3 battleaxe (weapon)
 t - a +2 dagger of flaming
Missiles
 x - a throwing net (quivered)
Armour
 b - a +0 animal skin
 h - a +0 chain mail (worn)
Jewellery
 g - an amulet of regeneration (around neck)
Scrolls
 c - 4 scrolls of identify {unknown}
 e - a scroll of fog {unknown}
 f - a scroll of remove curse {unknown}
 i - 2 scrolls of teleportation {unknown}
 k - 2 scrolls of magic mapping {unknown}
 l - 2 scrolls of enchant weapon {unknown}
 m - 2 scrolls of immolation {unknown}
 w - a scroll of acquirement {unknown}
Potions
 d - a potion of mutation {unknown}
 j - 5 potions of curing {unknown}
 n - a potion of invisibility {unknown}
 o - 2 potions of haste {unknown}
 p - 2 potions of berserk rage {unknown}
 q - 5 potions of brilliance {unknown}
 s - 3 potions of flight {unknown}
 u - a potion of ambrosia {unknown}
 v - 4 potions of heal wounds {unknown}


   Skills:
 + Level 5.8 Fighting
 * Level 6.2 Axes
 + Level 5.2 Armour
 - Level 2.0 Dodging


You had 7 spell levels left.
You didn't know any spells.
Your spell library contained the following spells:

 Spells                   Type           Power        Failure   Level
 Magic Dart               Conj           #...         97%         1
 Searing Ray              Conj           #.....       99%         2
 Dazzling Flash           Conj/Hex       #.....       100%        3
 Fulminant Prism          Conj/Hex       #.........   100%        4
 Iskenderun's Mystic Bla  Conj/Tloc      #.......     100%        4


Dungeon Overview and Level Annotations

Branches:
Dungeon (6/15)             Temple (0/1) D:6           Sewer (visited)

Altars:
Ashenzari


Innate Abilities, Weirdness & Mutations

You are resistant to torment.
Your stone body is resilient. (AC +5)
You are immune to poison.
You resist negative energy. (rN+)
You are resistant to electric shocks. (rElec)
You can survive without breathing.
You are immune to petrification.
You are immune to rotting.


Message History

The orc hits you but does no damage.
You are too injured to fight recklessly!
You are too injured to fight recklessly!
You are too injured to fight recklessly!
You are too injured to fight recklessly!
You are too injured to fight recklessly!
A red film seems to cover your vision as you go berserk!
You feel yourself moving faster!
You feel mighty!
The orc warrior hits you with a +0 short sword!
* * * LOW HITPOINT WARNING * * *
The orc hits you but does no damage.
The orc priest calls upon Beogh to heal the orc warrior.
The orc warrior is healed somewhat.
You closely miss the orc warrior.
The orc warrior is moderately wounded.
You slash the orc priest!
You kill the orc priest!
Trog accepts your kill.
The orc warrior hits you with a +0 short sword!
You die...

.......##
.......#
##........#
......##
##.........
.....##
##.........# #
.....#
#.......... #
....##
.......... #
...## .........#
# ..##
......o).# # .##
.....o.@.# #####
## #...#####.##
#.... .#####[..#
#..# #.###
......# ##.##
#.# ##.####
#..### #####.##
#..##
##....###...[..#
....#######
#...##...##[†..#
..........#
#..#..###..#†..#
.#........#
#.#..#...#).#..#


You could see an orc warrior and an orc.

Vanquished Creatures
  2 centaurs
  A big kobold (Sewer)
  2 bullfrogs (D:6)
  A wyvern skeleton (D:6)
  3 wights (D:3)
  A bullfrog zombie (D:6)
  A bullfrog skeleton (D:6)
  3 orc priests (D:6)
  An orc wizard (D:6)
  A worker ant (D:6)
  3 adders
  An ooze (Sewer)
  4 worms
  4 leopard geckos
  8 orcs
  12 bats
  5 giant cockroaches
  8 goblins
  9 hobgoblins
  6 jackals
  A quokka (D:2)
  6 ball pythons
  6 frilled lizards
  20 kobolds
  A quokka skeleton (D:6)
  11 rats
121 creatures vanquished.

Vanquished Creatures (others)
  2 plants (Sewer)
2 creatures vanquished.

Grand Total: 123 creatures vanquished

Notes
Turn   | Place    | Note
-------+----------+-------------------------------------------
     0 | D:1      | Arthanis the Gargoyle Berserker began the quest for the
                  | Orb.
     0 | D:1      | Reached XP level 1. HP: 14/14 MP: 1/1
   229 | D:1      | Reached XP level 2. HP: 15/19 MP: 2/2
   338 | D:1      | Reached skill level 3 in Axes
   460 | D:1      | You fall into a shaft and drop 1 floor!
   535 | D:1      | Reached XP level 3. HP: 23/23 MP: 3/3
   545 | D:1      | Reached ** piety under Trog
  1424 | D:2      | Reached XP level 4. HP: 29/29 MP: 4/4
  1835 | D:3      | Reached skill level 4 in Axes
  1835 | D:3      | Reached XP level 5. HP: 33/33 MP: 5/5
  1865 | D:3      | Noticed a centaur
  1870 | D:3      | Reached *** piety under Trog
  1890 | D:3      | Killed a centaur
  1890 | D:3      | Reached XP level 6. HP: 34/39 MP: 6/6
  1970 | D:3      | You fall into a shaft and drop 3 floors!
  1999 | D:6      | Found a staircase to the Ecumenical Temple.
  2024 | D:6      | Reached skill level 5 in Axes
  2025 | D:6      | Reached skill level 5 in Fighting
  2043 | D:6      | Found a broken altar of Ashenzari.
  2069 | D:6      | Reached XP level 7. HP: 11/44 MP: 7/7
  2207 | D:6      | Found a glowing drain.
  2227 | Sewer    | Entered a sewer
  2419 | Sewer    | Reached **** piety under Trog
  2460 | D:6      | Reached skill level 6 in Axes
  2460 | D:6      | Reached skill level 5 in Armour
  2673 | D:6      | Reached XP level 8. HP: 51/51 MP: 8/8
  2813 | D:6      | HP: 2/76 [orc warrior/+0 short sword (12)]
  2814 | D:6      | Mangled by an orc warrior

Illustrated notes

Levels and vault maps discovered:
D:1:      dpeg_arrival_erosion, layout_rooms, wad_floor_pattern_untrapped,
          serial_park_tiny_2, corexii_item_surrounded_by_moat
D:2:      layout_loops_corners
D:3:      layout_basic, old_standard_altar, lemuel_coloured_pillars_altar
D:6:      layout_cave_pods, nicolae_overflow_hidden_temple,
          minmay_temple_entry_steel_oval, cheibrodos_sewer_entry_drain

Skill      XL: |  1  2  3  4  5  6  7 |
---------------+----------------------+-----
Axes           | 3 4 5 6 |  6.2
Dodging        | 2 |  2.0
Fighting       | 4 5 |  5.8
Armour         | 3 4 5 |  5.2

Action                   |  1- 3 |  4- 6 |  7- 9 || total
-------------------------+-------+-------+-------++-------
Melee: Hand axe          |   163 |    49 |       ||   212
       Battleaxe         |       |    48 |    86 ||   134
Invok: Berserk           |       |     2 |     1 ||     3
       Trog's Hand       |       |     1 |       ||     1
Armor: Animal skin       |    33 |       |       ||    33
       Chain mail        |    50 |   109 |    55 ||   214
Dodge: Dodged            |   108 |    69 |    63 ||   240

Table legend: (Time is in decaauts)
 A = Elapsed time spent in this place.
 B = Non-inter-level travel time spent in this place.
 C = Inter-level travel time spent in this place.
 D = Time resting spent in this place.
 E = Time spent auto-exploring this place.
 F = Levels seen in this place.
 G = Mean time per level.
                   A        B        C        D        E       F      G
               +--------+--------+--------+--------+--------+-----+--------+
         Total |   2939 |   2843 |     96 |      0 |   1895 |   5 |  587.8 |
       Dungeon |   2700 |   2604 |     96 |      0 |   1758 |   4 |  675.0 |
         Sewer |    239 |    239 |      0 |      0 |    137 |   1 |  239.0 |
               +--------+--------+--------+--------+--------+-----+--------+

Top non-repeatable levels by time:
     D:1: 952 daAuts
     D:2: 855 daAuts
     D:6: 681 daAuts
   Sewer: 239 daAuts
     D:3: 211 daAuts
